 Dungeon Crawl Stone Soup version 0.21-a0-155-gb8a8bae (webtiles) character file.

4227 Ordine the Thaumaturge (level 10, -9/55 HPs)
             Began as a Deep Elf Wizard on Aug 3, 2017.
             Was a Follower of Sif Muna.
             Mangled by a hornet (10 damage)
             ... on level 8 of the Dungeon.
             The game lasted 00:33:33 (11483 turns).

Ordine the Thaumaturge (Deep Elf Wizard)           Turns: 11483, Time: 00:33:35

Health: -9/55      AC:  6    Str:  4    XL:     10   Next: 9%
Magic:  18/24      EV: 20    Int: 27    God:    Sif Muna [*.....]
Gold:   464        SH:  0    Dex: 13    Spells: 14/26 levels left

rFire    . . .     SeeInvis +   a - +1 quarterstaff (crush)
rCold    . . .     Gourm    .   (shield currently unavailable)
rNeg     . . .     Faith    .   l - +0 robe
rPois    .         Spirit   .   e - +1 helmet
rElec    .         Reflect  .   B - +0 cloak
rCorr    .         Harm     .   (no gloves)
MR       +....                  D - +0 pair of boots
Stlth    ++++......             g - amulet of rage
HPRegen  0.18/turn              k - ring of see invisible
MPRegen  0.19/turn              F - +4 ring of evasion

@: lethally poisoned (-9 -> -15), about to teleport, slowed, very slow
A: no striking features
a: Divine Energy, Renounce Religion, Evoke Berserk Rage


You were on level 8 of the Dungeon.
You worshipped Sif Muna.
Sif Muna was aware of your devotion.
You were hungry.

You visited 2 branches of the dungeon, and saw 9 of its levels.
You also visited: Ossuary.

You collected 464 gold pieces.

Inventory:

Hand Weapons
 a - a +1 quarterstaff of crushing (weapon)
Armour
 e - a +1 helmet (worn)
 l - a +0 robe (worn)
 B - a +0 cloak (worn)
 D - a +0 pair of boots (worn)
Magical Staves
 b - an uncursed staff of air
Jewellery
 g - an amulet of rage (around neck)
 k - a ring of see invisible (left hand)
 z - an uncursed ring of stealth
 F - a +4 ring of evasion (right hand)
Wands
 u - a wand of polymorph (6/24)
 L - a wand of enslavement (17/24)
Scrolls
 h - 4 scrolls of remove curse
 j - 8 scrolls of teleportation
 n - 2 scrolls of amnesia
 p - a scroll of immolation
 y - a scroll of magic mapping
 G - a scroll of fog
 I - a scroll of recharging
Potions
 i - a potion of mutation
 m - a potion of curing
 q - 2 potions of heal wounds
 r - 3 potions of ambrosia
 s - a potion of flight
 t - 2 potions of haste
 v - a potion of resistance
 A - a potion of might
 C - a potion of berserk rage
Books
 c - a book of Minor Magic

   Spells                             Type                      Level
   a - Magic Dart                     Conjuration                  1
   b - Blink                          Translocation                2
   c - Call Imp                       Summoning                    2
   d - Slow                           Hexes                        2
   e - Conjure Flame                  Conjuration/Fire             3
   f - Mephitic Cloud                 Conjuration/Poison/Air       3
 o - a book of Changes

   Spells                             Type                      Level
   a - Beastly Appendage              Transmutation                1
   b - Sticks to Snakes               Transmutation                2
   c - Spider Form                    Transmutation/Poison         3
   d - Ice Form                       Ice/Transmutation            4
   e - Blade Hands                    Transmutation                5
 E - a book of Geomancy

   Spells                             Type                      Level
   a - Sandblast                      Earth                        1
   b - Passwall                       Transmutation/Earth          2
   c - Stone Arrow                    Conjuration/Earth            3
   d - Petrify                        Transmutation/Earth          4
   e - Lee's Rapid Deconstruction     Earth                        5
 J - a Young Poisoner's Handbook

   Spells                             Type                      Level
   a - Sting                          Conjuration/Poison           1
   b - Poisonous Vapours              Poison/Air                   2
   c - Mephitic Cloud                 Conjuration/Poison/Air       3
   d - Olgreb's Toxic Radiance        Poison                       4
   e - Venom Bolt                     Conjuration/Poison           5
Comestibles
 d - 3 bread rations
 f - 4 royal jellies
 w - 3 meat rations
 x - 3 fruits


   Skills:
 + Level 2.9 Fighting
 * Level 3.6 Staves
 + Level 7.2 Dodging
 + Level 7.5 Stealth
 + Level 8.8 Spellcasting
 - Level 4.0 Conjurations
   Level 1.1 Summonings
 - Level 3.0 Translocations
 - Level 4.0 Fire Magic
 - Level 4.0 Air Magic
 + Level 3.2 Earth Magic
 + Level 2.1 Poison Magic
 + Level 2.0 Invocations
 + Level 3.9 Evocations


You had 14 spell levels left.
You knew the following spells:

 Your Spells              Type           Power        Failure   Level  Hunger
a - Magic Dart            Conj           ####         1%          1    None
b - Blink                 Tloc           N/A          1%          2    None
c - Conjure Flame         Conj/Fire      ####....     2%          3    None
d - Mephitic Cloud        Conj/Pois/Air  ####....     3%          3    None
e - Stone Arrow           Conj/Erth      ####..       3%          3    None


Dungeon Overview and Level Annotations

Branches:
Dungeon (8/15)             Temple (1/1) D:7
   Lair: D:8-11

Altars:
Ashenzari
Cheibriados
Dithmenos
Elyvilon
Fedhas
Gozag
Hepliaklqana
Kikubaaqudgha
Makhleb
Nemelex Xobeh
Okawaru
Qazlal
Ru
Sif Muna
Trog
Uskayaw
Vehumet
Wu Jian
Xom
Yredelemnul
Zin
The Shining One

Shops:
D:6 %

Annotations:
D:8 1 transporter


Message History

You feel as though you will be slow longer.
The hornet misses you.
Casting: Stone Arrow
Confirm with . or Enter, or press ? or * to list all spells.
You blink.
Casting: Blink
Confirm with . or Enter, or press ? or * to list all spells.
You blink.
The hornet stings you!
* * * LOW HITPOINT WARNING * * *
You are poisoned.
You feel as though you will be slow longer.
The hornet misses you.
Unknown command.
As you read the scroll of teleportation, it crumbles to dust.
You feel strangely unstable.
You feel sick. The hornet misses you. The hornet stings you!
* * * LOW HITPOINT WARNING * * *
You feel as though you will be slow longer.
The hornet stings you!
You die...

.....#..#.....## ##...####
#... .....#..#'######
#......# #...
.............##.# ##......#
#...
###..........###.#.#......#
#...
#.......(..##y#y##.######
#... #.........)# #.#a#.#
#... #.........÷###§###.#
#... #..........#..#y§#.#
#... #..........#..@y##.#
....
###..........#.#####.###
###©#
.......................#
######
######..#...#(#.###.#.##
!)?# # #..#.............# #
#..#.#...#.###.#.# #
#........#..##...#
#........#.......#
#####................#


You could see 2 hornets.

Vanquished Creatures
  Prince Ribbit (D:6)
  A hippogriff (D:7)
  The ghost of Ordine the Magician, an amateur DEWz (D:4)
  Edmund (D:4)
  3 orc warriors
  3 ice beasts
  6 ogres
  2 sky beasts
  A centaur (D:7)
  A big kobold (D:8)
  2 bullfrogs
  11 scorpions
  A howler monkey (D:7)
  4 wights
  4 crimson imps
  2 bullfrog zombies
  4 centaur zombies
  A hound (D:5)
  3 human zombies (Ossuary)
  Crazy Yiuf (D:5)
  6 orc priests
  5 orc wizards
  A bullfrog skeleton (D:4)
  3 iguanas
  6 worker ants
  3 big kobold zombies (Ossuary)
  A hound skeleton (D:4)
  3 mummies (Ossuary)
  A howler monkey zombie (D:5)
  6 adders
  3 scorpion zombies (Ossuary)
  A shadow imp (D:7)
  An ooze (D:1)
  A worm (D:2)
  2 dart slugs
  2 leopard geckos
  26 orcs
  2 bat zombies (D:8)
  6 giant cockroaches
  6 goblins
  4 hobgoblins (D:1)
  4 jackals (D:3)
  9 kobolds
  5 quokkas
  4 bats
  2 frilled lizards (D:2)
  A giant cockroach zombie (D:5)
  A goblin zombie (Ossuary)
  A hobgoblin zombie (Ossuary)
  A jackal zombie (D:7)
  2 kobold zombies (Ossuary)
  2 leopard gecko skeletons (D:6)
  An orc zombie (Ossuary)
  A quokka skeleton (D:7)
  A quokka zombie (D:6)
  4 rats
  A rat zombie (D:8)
  A fungus (D:5)
183 creatures vanquished.

Vanquished Creatures (others)
  2 scorpions (Ossuary)
  An orc zombie (Ossuary)
3 creatures vanquished.

Grand Total: 186 creatures vanquished

Notes
Turn   | Place    | Note
-------+----------+-------------------------------------------
     0 | D:1      | Ordine the Deep Elf Wizard began the quest for the Orb.
     0 | D:1      | Reached XP level 1. HP: 10/10 MP: 7/7
   108 | D:1      | Reached XP level 2. HP: 15/15 MP: 6/9
   156 | D:1      | Learned a level 2 spell: Blink
  1087 | D:2      | Reached XP level 3. HP: 19/19 MP: 8/11
  1092 | D:2      | Learned a level 3 spell: Conjure Flame
  1096 | D:2      | Learned a level 3 spell: Mephitic Cloud
  1126 | D:2      | Found a faded altar of an unknown god.
  1751 | D:2      | Reached XP level 4. HP: 17/24 MP: 2/12
  1867 | D:2      | Reached skill level 5 in Spellcasting
  2345 | D:3      | Reached XP level 5. HP: 26/28 MP: 4/14
  2574 | D:3      | Reached skill level 1 in Air Magic
  3128 | D:4      | Noticed an ogre
  3134 | D:4      | Killed an ogre
  3134 | D:4      | Reached XP level 6. HP: 8/32 MP: 5/16
  3238 | D:4      | Found a sand-covered staircase.
  3247 | Ossuary  | Entered an ossuary
  3426 | Ossuary  | Reached skill level 1 in Fire Magic
  3514 | Ossuary  | Reached skill level 6 in Spellcasting
  3742 | Ossuary  | Reached XP level 7. HP: 27/36 MP: 8/18
  4090 | Ossuary  | Reached skill level 5 in Stealth
  4224 | Ossuary  | Reached skill level 5 in Dodging
  4898 | Ossuary  | Reached skill level 7 in Spellcasting
  4898 | Ossuary  | Reached XP level 8. HP: 20/41 MP: 5/20
  5254 | D:4      | Noticed Edmund
  5276 | D:4      | Killed Edmund
  5392 | D:4      | Learned a level 3 spell: Stone Arrow
  5754 | D:4      | Noticed Ordine's ghost (amateur DEWz)
  5766 | D:4      | Killed Ordine's ghost
  6266 | D:5      | Entered Level 5 of the Dungeon
  6273 | D:5      | Reached skill level 1 in Evocations
  6387 | D:5      | Reached skill level 1 in Staves
  6387 | D:5      | Reached skill level 1 in Earth Magic
  6719 | D:5      | Reached skill level 1 in Fighting
  6982 | D:5      | Found a runed door.
  6986 | D:5      | Noticed Crazy Yiuf
  6989 | D:5      | Killed Crazy Yiuf
  7080 | D:6      | Noticed Prince Ribbit
  7089 | D:6      | Killed Prince Ribbit
  7299 | D:6      | Reached skill level 8 in Spellcasting
  7350 | D:6      | Reached XP level 9. HP: 27/47 MP: 3/23
  7845 | D:6      | Found Ceulost's Food Boutique.
  8219 | D:7      | Found a staircase to the Ecumenical Temple.
  8223 | Temple   | Entered the Ecumenical Temple
  8228 | Temple   | Became a worshipper of Sif Muna the Loreminder
  9283 | D:7      | Reached skill level 1 in Poison Magic
  9510 | D:7      | Reached skill level 1 in Invocations
 10475 | D:8      | Found a transporter.
 10673 | D:8      | Reached * piety under Sif Muna
 10836 | D:8      | Reached XP level 10. HP: 55/55 MP: 17/24
 11005 | D:8      | Found an ancient bone altar of Kikubaaqudgha.
 11483 | D:8      | HP: 1/55 [hornet (13)]
 11483 | D:8      | Mangled by a hornet

Vault maps used:
D:1:      dpeg_arrival_shrine, minmay_door_square
D:2:      chequers_ecumenical_altar_island
D:3:      first_bread, nrook_uturn, item_on_display_a
D:4:      lightli_ossuary_entry_decrepit_ruins, uniq_edmund
D:5:      uniq_crazy_yiuf_cottage
D:6:      serial_shops, shop_coins, uniq_prince_ribbit1
D:7:      minmay_temple_entry_glassed_door
D:8:      gammafunk_the_bubble, lemuel_zombie_altar_kikubaaqudgha,
          hangedman_pestilent_swarm
Temple:   compressed_dpeg_triangle_lava_temple
Ossuary:  ossuary_minmay_scorpions

Skill      XL: |  1  2  3  4  5  6  7  8  9 10 |
---------------+-------------------------------+-----
Dodging        | 3 4 5 6 7 |  7.2
Stealth        | 3 4 5 6 7 |  7.5
Conjurations   | 2 3 4 |  4.0
Spellcasting   | 5 6 7 8 |  8.8
Translocations | 2 3 |  3.0
Air Magic      | 1 2 3 4 |  4.0
Fire Magic     | 1 2 3 4 |  4.0
Evocations     | 2 3 |  3.9
Staves         | 2 3 |  3.6
Earth Magic    | 1 3 |  3.2
Fighting       | 1 2 |  2.9
Poison Magic   | 1 2 |  2.1
Invocations    | 1 2 |  2.0
Summonings     | |  1.1

Action                   |  1- 3 |  4- 6 |  7- 9 | 10-12 || total
-------------------------+-------+-------+-------+-------++-------
Melee: Unarmed           |    13 |     2 |       |       ||    15
       Quarterstaff      |       |    20 |    48 |    32 ||   100
 Cast: Magic Dart        |    79 |   104 |   266 |    18 ||   467
       Mephitic Cloud    |     1 |     5 |    13 |       ||    19
       Conjure Flame     |       |     7 |    25 |       ||    32
       Blink             |       |     1 |     4 |     2 ||     7
       Stone Arrow       |       |       |    89 |    18 ||   107
 Abil: Evoke Berserk Rag |       |       |     1 |       ||     1
  Use: Scroll            |     2 |     7 |    15 |     3 ||    27
       Potion            |       |     4 |     1 |       ||     5
 Stab: Confused          |       |     1 |       |       ||     1
  Eat: Chunk             |     2 |     6 |    11 |       ||    19
       Bread ration      |       |       |     3 |       ||     3
Armor: Robe              |     5 |    15 |    13 |    12 ||    45
       Skin              |       |     9 |       |       ||     9
Dodge: Dodged            |    19 |    56 |    74 |    43 ||   192
